Map: Symulakrum ER

Players

Naczelny

  • Race: Terran Terran
  • League: Platinum
  • Spawn Location: 11:00

Abathur - Winner!

  • Race: Zerg Zerg
  • League: Diamond
  • Spawn Location: 5:00

VOD

Have the link to the VOD?

Description

Time

  • Played on: June 8, 2020, 5:50 p.m.
  • Length: 24:26
Show
View Real Time Build Order
Export as new Build Order

Naczelny Terran 

Build Orders:  

Get SALT Encoding   

  12  0:00  SCV  
  13  0:13  Supply Depot  
  13  0:18  SCV  
  14  0:30  SCV  
  15  0:37  Barracks  
  15  0:42  Refinery  
  15  0:45  SCV  
  16  0:56  Refinery  
  16  0:57  SCV  
  17  1:09  SCV  
  18  1:24  Marine  
  20  1:26  Orbital Command  
  19  1:33  Factory  
  19  1:47  Barracks  
  19  2:00  Supply Depot  
  19  2:02  Barracks Tech Lab  
  19  2:21  SCV  
  20  2:30  Supply Depot  
  20  2:31  Barracks Reactor, Siege Tank  
  20  2:34  Barracks Reactor  
  23  2:37  SCV  
  24  2:49  SCV  
  25  2:56  Barracks  
  25  3:03  Siege Tank  
  28  3:09  Marine  
  28  3:10  Marine  
  30  3:14  Marine  
  30  3:18  Marine  
  32  3:26  Marine  
  33  3:27  Marine  
  34  3:35  SCV  
  35  3:45  Barracks Reactor  
  35  3:47  SCV  
  35  3:48  Marine x3  
  39  3:57  Supply Depot  
  39  4:18  Marine x2  
  39  4:19  Hellion, Supply Depot  
  39  4:20  SCV  
  44  4:25  Marine x2  
  46  4:41  Supply Depot, Siege Tank  
  43  4:57  Marine x5  
  43  4:58  Marine  
  37  5:15  Marine x4  
  37  5:16  Marine  
  37  5:17  Marine  
  37  5:18  Siege Tank  
  45  5:31  Engineering Bay  
  45  5:32  Marine  
  45  5:33  Marine  
  44  5:55  Marine  
  44  5:56  Marine x5  
  43  5:59  Siege Tank  
  43  6:02  SCV  
  47  6:09  Supply Depot, Terran Infantry Weapons Level 1  
  47  6:13  Marine  
  47  6:14  Marine x2  
  50  6:23  Marine x3  
  53  6:31  Marine, Siege Tank  
  44  7:03  Siege Tank  
  44  7:05  Command Center  
  47  7:16  Command Center  
  36  7:45  Marine  
  36  7:46  Marine x4  
  41  7:52  Siege Tank  
  44  8:03  Factory  
  44  8:04  Factory  
  44  8:15  Marine x3  
  44  8:16  Marine x3  
  50  8:24  Siege Tank  
  50  8:25  Orbital Command  
  50  8:26  SCV  
  54  8:38  SCV  
  55  8:50  SCV  
  55  8:55  Refinery  
  56  8:56  Siege Tank  
  56  8:58  Factory Tech Lab x2  
  56  8:59  Refinery  
  56  9:04  Marine x2  
  47  9:21  SCV x2  
  50  9:28  Planetary Fortress, Siege Tank  
  52  9:36  Marine x3  
  52  9:37  Marine x3  
  58  9:44  Widow Mine x2  
  62  9:46  SCV x2  
  64  9:58  SCV  
  65  10:00  Siege Tank  
  65  10:02  Marine x4  
  65  10:03  SCV  
  65  10:05  Widow Mine  
  75  10:10  SCV  
  76  10:14  Siege Tank  
  76  10:15  SCV  
  80  10:22  SCV  
  80  10:27  Widow Mine  
  83  10:33  Widow Mine  
  83  10:34  Missile Turret  
  85  10:52  SCV x3  
  85  10:55  Missile Turret  
  85  10:57  Siege Tank  
  91  10:59  Widow Mine  
  89  11:04  SCV  
  89  11:09  Marine  
  89  11:10  Marine x5  
  76  11:27  Cyclone x2  
  76  11:29  Cyclone  
  78  11:48  Marine  
  78  11:49  Marine x4  
  78  11:54  SCV x3  
  84  11:59  Cyclone x2  
  84  12:01  Cyclone  
  95  12:19  Marine x2  
  95  12:20  Marine x2  
  99  12:41  Marine  
  99  12:42  Supply Depot, Marine  
  99  12:43  Supply Depot  
  101  12:47  Refinery  
  101  12:50  Refinery  
  101  13:03  Cyclone, Marine x5  
  101  13:04  Marine  
  101  13:05  Cyclone x2  
  116  13:06  Supply Depot  
  116  13:08  SCV, Supply Depot  
  117  13:20  Command Center  
  117  13:27  Marine x5  
  117  13:28  SCV x3  
  125  13:37  Supply Depot  
  125  13:40  SCV x3  
  128  13:42  Supply Depot  
  128  13:53  Marine  
  128  13:54  Marine x2  
  131  14:02  Supply Depot  
  107  14:30  Supply Depot  
  91  14:34  Marine x6  
  88  14:40  Widow Mine  
  88  14:41  Widow Mine x2  
  94  14:50  SCV x3  
  94  14:52  Marine x6  
  103  14:53  Supply Depot  
  103  15:02  SCV x2, Widow Mine x2, Siege Tank  
  112  15:08  Armory  
  112  15:09  Marine  
  113  15:15  SCV x3  
  116  15:22  Orbital Command  
  116  15:27  SCV  
  117  15:39  Marine  
  117  15:40  Marine x4  
  122  15:46  Siege Tank x2  
  122  15:47  Siege Tank  
  131  15:50  SCV x3  
  134  16:06  Terran Vehicle Weapons Level 1  
  134  16:10  Armory  
  134  16:14  SCV x2  
  134  16:15  SCV x2  
  138  16:18  Thor x2, Siege Tank  
  153  16:28  Command Center, Marine x3  
  156  16:35  Hi-Sec Auto Tracking  
  156  16:43  Refinery  
  156  16:45  SCV x4  
  160  16:48  Refinery  
  160  16:57  SCV x2  
  162  17:04  Starport  
  162  17:16  Marine x6  
  168  17:23  SCV x4  
  172  17:30  Thor x2  
  172  17:34  Marine x3  
  172  17:36  Marine  
  188  17:38  Terran Vehicle And Ship Armor Level 1  
  188  17:39  Marine x2  
  188  17:42  Starport  
  190  17:47  Supply Depot  
  159  18:10  Supply Depot  
  85  18:23  Thor x2  
  90  18:30  Marine  
  90  18:31  Marine x5  
  90  18:33  Supply Depot  
  96  18:36  Terran Vehicle Weapons Level 2  
  96  18:38  Starport Tech Lab  
  96  18:41  Starport Reactor  
  96  18:48  Marine  
  96  18:49  Marine x3  
  96  18:52  Siege Tank  
  103  19:04  Bunker  
  103  19:07  Bunker  
  103  19:09  Marine x2  
  105  19:11  Marine  
  105  19:12  Marine x3  
  105  19:14  Siege Tank x2  
  115  19:23  Raven  
  117  19:26  Marine  
  117  19:27  Marine  
  117  19:29  Marine x4  
  123  19:37  Bunker  
  123  19:39  Bunker  
  123  19:41  Command Center  
  123  19:48  Marine  
  123  19:49  Marine x5  
  129  20:06  Marine x2  
  129  20:07  Marine x4  
  131  20:11  Bunker x2  
  135  20:14  Bunker  
  131  20:24  Marine x6  
  109  20:42  Marine  
  96  20:54  Siege Tank x3  
  94  21:20  Marine  
  94  21:21  Marine x5  
  100  21:26  Siege Tank x3  
  109  21:38  Marine  
  110  21:41  Marine x5  
  104  21:56  Marine  
  104  21:58  Marine, Thor x3  
  104  21:59  Marine x4  
  89  22:14  Marine  
  76  22:16  Marine  
  76  22:17  Marine x4  
  76  22:22  Bunker  
  81  22:30  SCV  
  81  22:31  SCV, Bunker  
  81  22:32  Marine  
  81  22:34  Marine x3  
  81  22:35  Orbital Command, Marine x2  
  89  22:41  Siege Tank x3  
  89  22:42  SCV  
  89  22:43  SCV  
  100  22:47  Orbital Command  
  100  22:49  Marine  
  101  22:52  Marine  
  101  22:55  Marine  
  101  22:56  Marine x2  
  105  23:01  Bunker  
  105  23:03  Liberator  
  105  23:04  Liberator  
  82  23:53  Marine  
Show
View Real Time Build Order
Export as new Build Order

Abathur Zerg - Winner!

Build Orders: Pool First 

Get SALT Encoding   

  12  0:01  Drone  
  13  0:12  Overlord  
  13  0:17  Drone  
  14  0:30  Drone x2  
  14  0:34  Drone  
  17  0:45  Spawning Pool  
  17  0:48  Drone  
  17  0:55  Drone  
  18  1:12  Hatchery  
  18  1:16  Extractor  
  18  1:17  Drone  
  17  1:20  Drone  
  18  1:33  Roach Warren, Drone  
  18  1:38  Drone  
  19  1:45  Queen  
  21  1:50  Zergling x2  
  22  1:59  Overlord  
  22  2:22  Drone  
  23  2:23  Queen  
  23  2:25  Queen  
  23  2:27  Drone x2  
  29  2:32  Metabolic Boost  
  29  2:41  Drone  
  29  2:42  Drone  
  29  2:43  Drone  
  32  2:46  Drone  
  33  2:53  Overlord  
  33  2:57  Drone x3  
  36  3:12  Queen x2  
  40  3:14  Drone  
  40  3:17  Extractor  
  40  3:18  Drone  
  40  3:19  Drone  
  42  3:22  Drone  
  42  3:24  Drone  
  44  3:30  Overlord  
  44  3:31  Overlord  
  43  3:50  Lair  
  43  3:52  Drone  
  43  3:53  Drone x5  
  43  3:55  Extractor  
  48  4:03  Drone  
  48  4:04  Drone  
  50  4:16  Evolution Chamber  
  49  4:17  Evolution Chamber  
  49  4:19  Baneling Nest  
  49  4:20  Drone x4  
  49  4:22  Zergling x2  
  49  4:23  Zergling x6  
  54  4:42  Zergling x2  
  54  4:43  Zergling x12  
  58  4:45  Zergling x2  
  58  4:50  Zergling x2  
  58  4:51  Zergling x2  
  43  5:16  Zergling x4  
  43  5:17  Zergling x8  
  49  5:25  Evolution Chamber  
  48  5:31  Zergling x4, Evolution Chamber  
  48  5:32  Zergling x2  
  48  5:33  Queen x2  
  51  5:54  Zergling x8  
  51  5:56  Zergling x2  
  48  6:00  Zerg Melee Weapons Level 1, Baneling  
  48  6:01  Baneling x5  
  48  6:02  Centrifical Hooks  
  48  6:04  Zergling x2  
  48  6:07  Zergling x2  
  49  6:14  Zergling x2  
  50  6:19  Zergling x2  
  50  6:24  Zergling x2  
  52  6:26  Zerg Ground Armor Level 1  
  52  6:29  Zergling x2  
  53  6:40  Zergling x4  
  53  6:46  Hatchery  
  49  6:52  Zergling x2  
  49  6:53  Zergling x12  
  56  6:57  Zergling x2  
  56  6:58  Spire  
  56  7:03  Baneling  
  56  7:04  Baneling  
  56  7:06  Baneling x4  
  56  7:08  Zergling x4  
  58  7:19  Zergling x2  
  58  7:20  Zergling x2  
  49  7:42  Zergling x8  
  49  7:43  Zergling x6  
  49  7:44  Zergling x2  
  47  7:51  Zergling x2  
  47  7:53  Zergling x2  
  49  7:59  Zergling x2  
  49  8:00  Zerg Melee Weapons Level 2  
  49  8:01  Zergling x2  
  49  8:04  Zergling x2  
  52  8:11  Zergling x2  
  53  8:14  Zergling x2  
  53  8:15  Zergling x2  
  53  8:17  Queen x3  
  61  8:20  Zergling x2  
  61  8:23  Zerg Ground Armor Level 2  
  61  8:24  Overlord  
  61  8:27  Overlord  
  44  9:20  Zergling x22  
  44  9:21  Zergling x8  
  59  9:28  Glial Reconstitution  
  59  9:38  Infestation Pit  
  58  9:46  Zergling x2  
  58  9:47  Zergling x14  
  66  10:14  Mutalisk x3  
  66  10:15  Mutalisk x4  
  80  10:36  Drone x2  
  80  10:37  Overlord x4  
  82  10:45  Baneling x6  
  82  10:46  Baneling  
  57  11:11  Zergling x2  
  57  11:12  Zergling x22  
  63  11:44  Zergling x2  
  63  11:45  Zergling x16  
  68  11:49  Hive  
  69  11:54  Drone  
  69  11:56  Drone x2  
  71  12:03  Pneumatized Carapace  
  71  12:04  Drone  
  71  12:06  Drone  
  71  12:07  Drone  
  75  12:15  Drone  
  75  12:17  Drone  
  75  12:19  Drone  
  75  12:20  Drone  
  75  12:21  Drone x4  
  75  12:22  Drone  
  83  12:23  Drone x3  
  83  12:26  Extractor  
  83  12:27  Extractor  
  81  13:06  Zerg Melee Weapons Level 3, Zerg Ground Armor Level 3  
  81  13:11  Ultralisk Cavern  
  80  13:13  Greater Spire  
  80  13:18  Drone x3  
  80  13:19  Drone  
  84  13:23  Drone x3  
  84  13:25  Zergling x12  
  84  13:26  Zergling x8  
  97  13:29  Overlord  
  97  13:35  Hatchery  
  97  13:36  Extractor  
  97  13:39  Extractor  
  94  13:59  Zergling x2  
  94  14:00  Zergling x28  
  109  14:03  Chitinous Plating  
  109  14:07  Ultralisk  
  98  14:45  Ultralisk  
  98  14:46  Ultralisk x3  
  98  14:48  Overlord  
  116  15:19  Zerg Flyer Weapons Level 1, Baneling Nest  
  115  15:26  Anabolic Synthesis  
  115  15:27  Viper  
  115  15:28  Viper x5  
  118  15:33  Zergling x4  
  118  15:35  Overlord x4  
  135  15:41  Extractor  
  134  16:18  Overlord x5  
  134  16:20  Drone x3  
  134  16:21  Drone x2  
  134  16:22  Drone x8  
  134  16:24  Drone, Extractor  
  134  16:25  Hatchery  
  146  16:30  Extractor  
  145  16:42  Overseer  
  145  16:48  Zergling x2  
  145  16:49  Zergling x18  
  145  16:50  Zergling x10  
  160  17:07  Baneling  
  160  17:08  Baneling x13  
  160  17:10  Zergling x2  
  161  17:16  Hatchery  
  161  17:17  Extractor  
  159  17:26  Drone x3  
  159  17:27  Drone x3  
  159  17:28  Drone x4  
  159  17:29  Drone x4  
  98  18:31  Ultralisk x3  
  98  18:32  Ultralisk x4  
  98  18:33  Zergling x8  
  98  18:34  Zergling x14  
  151  19:07  Zergling x2  
  151  19:08  Zergling x24  
  151  19:09  Zergling x28  
  178  19:12  Ultralisk  
  184  19:19  Ultralisk  
  190  19:36  Zerg Flyer Weapons Level 2  
  190  19:40  Ultralisk  
  190  19:42  Zergling x2  
  190  19:43  Zergling x6  
  190  19:44  Baneling  
  190  19:45  Baneling x14  
  200  19:46  Baneling x4  
  92  21:21  Ultralisk x2  
  92  21:22  Ultralisk x4  
  92  21:23  Ultralisk x2  
  92  21:25  Viper x2  
  140  21:26  Viper  
  140  21:27  Zergling x2  
  140  21:28  Zergling x34  
  140  21:29  Zergling x40  
  140  21:32  Zergling x2  
  188  21:33  Zergling x4  
  190  21:40  Queen  
  156  22:13  Zergling x8  
  156  22:14  Zergling x42  
  178  22:24  Viper  
  178  22:25  Viper  
  184  22:38  Overseer x2  
  184  22:39  Overseer x3  
  184  22:40  Overlord x4  
  184  23:14  Zergling x18  
  184  23:15  Zergling x14  
Tags
 
Add a new tag
Caveats
  • Supply blocks, unpowered buildings, or Contaminate may cause inaccurate times.
  • Supply counts are checked every 10 seconds.